[ AOE2 MATCH · #480442386 ]
Team RMKhmer vs Vikings
[ REPLAY ANALYSIS · EXTRACTED FROM THE RECORDED GAME ]
Feudal
11:09
Castle
17:26
Imperial
—
| APM avg | 13.7 |
| APM peak | 33 |
| eAPM avg | 10.6 |
| Villagers / military | 62 / 15 |
Focus
⚔️ 14.5% · 🌾 85.5%
Fishing Ship ×9 · Fire Galley ×9 · Battle Elephant ×5 · Unknown (2626) ×2 · Transport Ship ×1
Feudal
13:36
Castle
23:04
Imperial
—
| APM avg | 26.5 |
| APM peak | 56 |
| eAPM avg | 15.5 |
| Villagers / military | 47 / 22 |
Focus
⚔️ 38.8% · 🌾 61.2%
Fishing Ship ×12 · Galley ×9 · Fire Galley ×6 · Unknown (2626) ×5 · Longboat ×5 · Spearman ×2
Feudal
12:09
Castle
15:59
Imperial
—
| APM avg | 25.2 |
| APM peak | 64 |
| eAPM avg | 14.4 |
| Villagers / military | 83 / 5 |
Focus
⚔️ 20.1% · 🌾 79.9%
Fishing Ship ×2 · Chu Ko Nu ×2 · Spearman ×2 · Demolition Raft ×1
Feudal
12:03
Castle
19:29
Imperial
—
| APM avg | 14.9 |
| APM peak | 43 |
| eAPM avg | 9.7 |
| Villagers / military | 44 / 23 |
Focus
⚔️ 23.3% · 🌾 76.7%
Militia ×7 · Battering Ram ×6 · Fishing Ship ×5 · Spearman ×5 · Unknown (2626) ×2 · Fire Galley ×2
Match map
Resources at game start + every placement click. Thick line = wall · dashed box = detected house wall. 🟡 gold · ⚪ stone · 🟢 berries · 🔶 boar · ⭕ relic
Your base· ✓ Closed at 17:26 · 0t walls
Bienjamming's base· ✓ Closed at 23:04 · 0t walls
gonzalochelva's base· ✓ Closed at 15:59 · 0t walls
Herr Morrojder's base· ✓ Closed at 19:29 · 0t walls
Elevation-shaded terrain · ⚠ = detected wall gap · hover for details
Inputs per minute
— Stackastuva AB - - Bienjamming
Build order — Stackastuva AB
149 actions detected in the replay
| 0:04 | Build | House |
| 0:05 | Build | House |
| 0:08 | Create | Villager (Male) |
| 0:09 | Create | Villager (Male) |
| 0:09 | Create | Villager (Male) |
| 0:09 | Create | Villager (Male) |
| 0:09 | Create | Villager (Male) |
| 0:10 | Create | Villager (Male) |
| 1:07 | Build | Dock |
| 1:40 | Create | Villager (Male) |
| 1:44 | Research | Loom |
| 2:21 | Create | Villager (Male) |
| 2:48 | Create | Villager (Male) |
| 2:56 | Create | Villager (Male) |
| 3:08 | Create | Villager (Male) |
| 3:57 | Create | Villager (Male) |
| 3:57 | Create | Villager (Male) |
| 4:50 | Create | Villager (Male) |
| 4:51 | Create | Villager (Male) |
| 4:51 | Create | Villager (Male) |
| 5:06 | Create | Fishing Ship |
| 5:27 | Build | House |
| 5:37 | Create | Villager (Male) |
| 6:01 | Create | Villager (Male) |
| 6:27 | Build | Mill |
| 6:32 | Create | Villager (Male) |
| 6:32 | Create | Villager (Male) |
| 6:33 | Create | Villager (Male) |
| 6:33 | Create | Villager (Male) |
| 6:33 | Create | Villager (Male) |
| 7:34 | Create | Fishing Ship |
| 7:39 | Build | House |
| 8:22 | Build | Lumber Camp |
| 8:59 | Research | Feudal Age |
| 9:08 | Build | Outpost |
| 9:14 | Build | Outpost |
| 9:17 | Build | Outpost |
| 9:43 | Build | Outpost |
| 9:45 | Build | Outpost |
| 10:00 | Create | Villager (Male) |
| 10:00 | Create | Villager (Male) |
| 10:01 | Create | Villager (Male) |
| 10:01 | Create | Villager (Male) |
| 10:01 | Create | Villager (Male) |
| 10:01 | Create | Villager (Male) |
| 10:11 | Build | House |
| 10:52 | Build | Outpost |
| 10:54 | Build | Outpost |
| 10:57 | Build | Outpost |
| 11:09 | Age | Feudal Age |
| 11:10 | Research | Town Watch |
| 11:19 | Research | Double-Bit Axe |
| 11:44 | Build | Mining Camp |
| 11:58 | Build | Mill |
| 12:07 | Create | Villager (Male) |
| 12:07 | Create | Villager (Male) |
| 12:18 | Build | Outpost |
| 12:20 | Build | Outpost |
| 12:44 | Build | House |
| 13:04 | Build | Farm |
| 13:29 | Create | Fishing Ship |
| 13:29 | Create | Fishing Ship |
| 13:29 | Create | Fishing Ship |
| 14:11 | Build | Dock |
| 14:28 | Build | Outpost |
| 14:31 | Build | Outpost |
| 14:35 | Build | Outpost |
| 14:37 | Build | Outpost |
| 14:46 | Research | Castle Age |
| 15:00 | Build | Farm |
| 15:03 | Create | Fishing Ship |
| 15:25 | Create | Villager (Male) |
| 15:26 | Create | Villager (Male) |
| 15:26 | Create | Villager (Male) |
| 15:26 | Create | Villager (Male) |
| 15:27 | Create | Villager (Male) |
| 15:44 | Create | Villager (Male) |
| 15:54 | Build | Mining Camp |
| 16:14 | Create | Fishing Ship |
| 16:15 | Create | Fishing Ship |
| 16:15 | Create | Fishing Ship |
| 16:34 | Build | House |
| 16:36 | Build | House |
| 16:57 | Research | Tech 906 |
| 17:26 | Age | Castle Age |
| 18:19 | Research | Tech 905 |
| 18:22 | Create | Transport Ship |
| 18:36 | Build | Town Center |
| 19:54 | Build | Town Center |
| 20:26 | Create | Villager (Male) |
| 20:26 | Create | Villager (Male) |
| 20:26 | Create | Villager (Male) |
| 20:26 | Create | Villager (Male) |
| 20:27 | Create | Villager (Male) |
| 20:27 | Create | Villager (Male) |
| 20:27 | Create | Villager (Male) |
| 20:27 | Create | Villager (Male) |
| 20:29 | Research | Wheelbarrow |
| 20:30 | Research | Town Patrol |
| 20:37 | Build | Market |
| 20:56 | Build | Watch Tower |
| 21:04 | Build | Farm |
| 21:07 | Create | Villager (Male) |
| 21:08 | Create | Villager (Male) |
| 21:08 | Create | Villager (Male) |
| 21:08 | Create | Villager (Male) |
| 21:08 | Create | Villager (Male) |
| 21:09 | Create | Villager (Male) |
| 21:09 | Create | Villager (Male) |
| 21:10 | Create | Villager (Male) |
| 21:10 | Create | Villager (Male) |
| 21:10 | Create | Villager (Male) |
| 21:26 | Build | Farm |
| 21:33 | Create | Villager (Male) |
| 21:33 | Create | Villager (Male) |
| 21:34 | Create | Villager (Male) |
| 21:34 | Create | Villager (Male) |
| 22:08 | Build | Stable |
| 22:19 | Build | Farm |
| 22:35 | Create | Battle Elephant |
| 22:35 | Create | Battle Elephant |
| 22:36 | Create | Battle Elephant |
| 22:36 | Create | Battle Elephant |
| 22:36 | Create | Battle Elephant |
| 22:45 | Build | Farm |
| 22:51 | Create | Villager (Male) |
| 22:52 | Create | Villager (Male) |
| 22:52 | Create | Villager (Male) |
| 24:42 | Build | Town Center |
| 24:49 | Build | Farm |
| 24:51 | Build | Farm |
| 24:54 | Build | Farm |
| 25:11 | Build | House |
| 25:12 | Build | House |
| 25:13 | Build | House |
| 25:19 | Research | Hand Cart |
| 25:31 | Research | Horse Collar |
| 25:33 | Research | Bow Saw |
| 25:42 | Create | Fire Galley |
| 25:42 | Create | Fire Galley |
| 25:43 | Create | Fire Galley |
| 25:43 | Create | Fire Galley |
| 25:43 | Create | Fire Galley |
| 25:44 | Create | Fire Galley |
| 25:44 | Create | Fire Galley |
| 25:44 | Create | Fire Galley |
| 25:44 | Create | Fire Galley |
| 25:55 | Create | Unit 2626 |
| 25:55 | Create | Unit 2626 |
Build order — Bienjamming
135 actions detected in the replay
| 0:01 | Create | Villager (Male) ×4 |
| 0:03 | Build | House |
| 1:19 | Create | Villager (Male) |
| 1:19 | Create | Villager (Male) |
| 1:49 | Create | Villager (Male) |
| 1:49 | Create | Villager (Male) |
| 1:50 | Create | Villager (Male) |
| 1:54 | Create | Villager (Male) |
| 1:55 | Create | Villager (Male) |
| 2:17 | Create | Villager (Male) |
| 2:58 | Build | Lumber Camp |
| 3:03 | Create | Villager (Male) |
| 3:16 | Create | Villager (Male) |
| 3:21 | Create | Villager (Male) |
| 3:40 | Build | House |
| 3:44 | Create | Villager (Male) |
| 4:03 | Create | Villager (Male) |
| 4:15 | Build | House |
| 4:18 | Build | House |
| 4:19 | Build | House |
| 4:23 | Build | House |
| 5:23 | Create | Villager (Male) ×2 |
| 5:23 | Create | Villager (Male) |
| 5:39 | Build | Lumber Camp |
| 6:07 | Build | Dock |
| 6:16 | Create | Villager (Male) |
| 6:24 | Build | Dock |
| 6:59 | Create | Villager (Male) |
| 6:59 | Create | Villager (Male) |
| 7:31 | Research | Loom |
| 7:48 | Build | Mill |
| 7:54 | Create | Fishing Ship ×5 |
| 8:17 | Create | Villager (Male) |
| 8:20 | Create | Villager (Male) ×2 |
| 8:58 | Create | Fishing Ship |
| 9:16 | Create | Fishing Ship |
| 9:16 | Create | Fishing Ship |
| 9:35 | Create | Villager (Male) ×3 |
| 9:55 | Create | Villager (Male) |
| 10:10 | Create | Villager (Male) |
| 10:34 | Build | Dock |
| 10:39 | Build | House |
| 10:39 | Build | House |
| 10:40 | Build | House |
| 10:40 | Build | House |
| 10:40 | Build | House |
| 10:40 | Build | House |
| 10:42 | Build | House |
| 10:43 | Build | House |
| 10:43 | Build | House |
| 10:43 | Build | House |
| 11:14 | Create | Fishing Ship |
| 11:14 | Create | Fishing Ship |
| 11:26 | Research | Feudal Age |
| 11:26 | Research | Feudal Age |
| 11:44 | Build | Lumber Camp |
| 12:24 | Create | Villager (Male) |
| 12:33 | Build | Barracks |
| 13:36 | Age | Feudal Age |
| 13:45 | Build | Dock |
| 13:47 | Build | House |
| 13:47 | Build | House |
| 13:57 | Create | Fishing Ship |
| 13:57 | Create | Fishing Ship |
| 14:17 | Research | Town Watch |
| 14:40 | Build | Lumber Camp |
| 15:10 | Research | Double-Bit Axe |
| 15:11 | Create | Villager (Male) |
| 15:28 | Build | House |
| 15:32 | Build | Outpost |
| 15:34 | Build | Outpost |
| 15:42 | Build | Outpost |
| 15:46 | Build | Outpost |
| 15:48 | Create | Villager (Male) |
| 15:48 | Create | Villager (Male) |
| 15:53 | Build | Mining Camp |
| 15:57 | Create | Villager (Male) |
| 16:01 | Build | Mining Camp |
| 16:10 | Build | Mining Camp |
| 16:25 | Create | Galley |
| 16:59 | Research | Gold Mining |
| 17:02 | Create | Villager (Male) ×5 |
| 17:13 | Build | Mining Camp |
| 17:43 | Build | Dock |
| 18:30 | Create | Galley |
| 18:30 | Create | Galley |
| 18:30 | Create | Galley |
| 19:21 | Build | Archery Range |
| 19:22 | Build | Archery Range |
| 19:31 | Build | Blacksmith |
| 19:33 | Build | House |
| 19:33 | Build | House |
| 19:33 | Build | House |
| 19:33 | Build | House |
| 19:34 | Build | House |
| 19:38 | Build | House |
| 19:39 | Build | House |
| 19:42 | Build | House |
| 19:44 | Build | House |
| 19:50 | Create | Villager (Male) |
| 19:58 | Build | Mining Camp |
| 20:24 | Research | Castle Age |
| 20:32 | Build | Archery Range |
| 20:59 | Build | Dock |
| 21:12 | Build | Dock |
| 21:22 | Build | Dock |
| 21:44 | Research | Fletching |
| 21:45 | Research | Fletching |
| 22:03 | Create | Fire Galley |
| 22:17 | Build | Dock |
| 22:35 | Build | Outpost |
| 22:52 | Build | Dock |
| 22:57 | Create | Galley ×5 |
| 22:59 | Create | Fire Galley ×5 |
| 23:00 | Create | Unit 2626 ×5 |
| 23:04 | Age | Castle Age |
| 23:18 | Research | War Galley (upgrade) |
| 23:34 | Research | Crossbowman (upgrade) |
| 23:37 | Build | University |
| 23:40 | Research | Bodkin Arrow |
| 23:50 | Research | Forging |
| 23:53 | Research | Padded Archer Armor |
| 24:10 | Create | Longboat ×4 |
| 24:31 | Build | Outpost |
| 24:37 | Create | Spearman |
| 24:37 | Create | Spearman |
| 24:46 | Build | Outpost |
| 24:51 | Build | Outpost |
| 24:55 | Create | Longboat |
| 25:43 | Research | Ballistics |
| 25:44 | Research | Ballistics |
| 25:53 | Build | Outpost |
| 26:04 | Create | Villager (Male) ×5 |
| 26:19 | Build | Siege Workshop |
| 26:53 | Research | Forging |
Build order — gonzalochelva
First 150 of 158 actions detected
| 0:01 | Research | Loom |
| 0:56 | Create | Villager (Male) |
| 1:21 | Create | Villager (Male) |
| 1:36 | Build | Lumber Camp |
| 1:50 | Create | Villager (Male) |
| 2:15 | Create | Villager (Male) |
| 2:42 | Create | Villager (Male) |
| 3:08 | Create | Villager (Male) |
| 3:37 | Create | Villager (Male) |
| 3:41 | Build | House |
| 3:42 | Build | House |
| 4:00 | Create | Villager (Male) |
| 4:07 | Build | Mill |
| 4:27 | Create | Villager (Male) |
| 4:27 | Create | Villager (Male) |
| 4:58 | Create | Villager (Male) |
| 4:59 | Create | Villager (Male) |
| 4:59 | Create | Villager (Male) |
| 5:36 | Create | Villager (Male) |
| 5:36 | Create | Villager (Male) |
| 5:36 | Create | Villager (Male) |
| 6:46 | Create | Villager (Male) |
| 6:51 | Create | Villager (Male) |
| 7:16 | Create | Villager (Male) |
| 8:15 | Create | Villager (Male) |
| 8:34 | Create | Villager (Male) |
| 8:34 | Create | Villager (Male) |
| 8:35 | Create | Villager (Male) |
| 8:53 | Build | Mining Camp |
| 8:55 | Research | Feudal Age |
| 9:25 | Build | Dock |
| 9:35 | Build | Farm |
| 9:36 | Build | Farm |
| 9:38 | Build | Farm |
| 9:39 | Build | Farm |
| 10:25 | Create | Fishing Ship |
| 10:27 | Create | Fishing Ship |
| 10:34 | Build | House |
| 10:36 | Build | House |
| 10:36 | Build | House |
| 11:53 | Create | Villager (Male) |
| 11:53 | Create | Villager (Male) |
| 12:09 | Age | Feudal Age |
| 12:21 | Build | Blacksmith |
| 12:33 | Build | Market |
| 13:03 | Build | Lumber Camp |
| 13:19 | Research | Castle Age |
| 13:20 | Research | Castle Age |
| 13:52 | Build | Farm |
| 13:53 | Build | Farm |
| 13:56 | Build | Farm |
| 14:00 | Build | Farm |
| 14:18 | Research | Double-Bit Axe |
| 15:00 | Build | Barracks |
| 15:02 | Build | House |
| 15:44 | Create | Villager (Male) |
| 15:45 | Create | Villager (Male) |
| 15:59 | Age | Castle Age |
| 16:01 | Build | Town Center |
| 16:12 | Build | House |
| 16:49 | Create | Villager (Male) |
| 17:18 | Create | Villager (Male) |
| 17:39 | Create | Villager (Male) |
| 17:40 | Create | Villager (Male) |
| 17:48 | Build | Town Center |
| 17:56 | Create | Villager (Male) |
| 17:56 | Create | Villager (Male) |
| 18:04 | Build | Farm |
| 18:16 | Create | Villager (Male) |
| 18:16 | Create | Villager (Male) |
| 18:33 | Build | Farm |
| 18:34 | Build | Farm |
| 18:38 | Build | Farm |
| 18:50 | Create | Villager (Male) |
| 18:52 | Create | Villager (Male) |
| 18:54 | Create | Villager (Male) |
| 18:57 | Create | Demolition Raft |
| 19:05 | Build | Farm |
| 19:06 | Research | Horse Collar |
| 19:16 | Create | Villager (Male) |
| 19:19 | Create | Villager (Male) |
| 19:20 | Create | Villager (Male) |
| 19:23 | Build | Farm |
| 19:41 | Build | Farm |
| 19:41 | Build | Farm |
| 19:43 | Create | Villager (Male) |
| 19:44 | Create | Villager (Male) |
| 19:45 | Create | Villager (Male) |
| 20:14 | Create | Villager (Male) |
| 20:15 | Create | Villager (Male) |
| 20:15 | Create | Villager (Male) |
| 20:34 | Build | University |
| 20:38 | Create | Villager (Male) |
| 20:39 | Create | Villager (Male) |
| 20:39 | Create | Villager (Male) |
| 20:48 | Research | Stone Mining |
| 20:51 | Create | Villager (Male) |
| 20:52 | Create | Villager (Male) |
| 20:52 | Create | Villager (Male) |
| 21:10 | Build | Blacksmith |
| 21:11 | Create | Villager (Male) |
| 21:12 | Create | Villager (Male) |
| 21:13 | Create | Villager (Male) |
| 21:22 | Build | Farm |
| 21:36 | Create | Villager (Male) |
| 22:26 | Create | Villager (Male) |
| 22:27 | Create | Villager (Male) |
| 22:29 | Create | Villager (Male) |
| 22:46 | Build | Castle |
| 22:55 | Create | Villager (Male) |
| 23:11 | Research | Murder Holes |
| 23:37 | Research | Fletching |
| 23:39 | Build | House |
| 23:40 | Create | Villager (Male) |
| 23:40 | Create | Villager (Male) |
| 23:41 | Create | Villager (Male) |
| 23:46 | Create | Villager (Male) |
| 24:08 | Research | Bodkin Arrow |
| 24:10 | Build | House |
| 24:11 | Create | Villager (Male) |
| 24:11 | Create | Villager (Male) |
| 24:11 | Create | Villager (Male) |
| 24:35 | Build | Barracks |
| 24:41 | Build | Archery Range |
| 24:50 | Create | Villager (Male) |
| 24:50 | Create | Villager (Male) |
| 24:50 | Create | Villager (Male) |
| 24:53 | Create | Villager (Male) |
| 24:53 | Create | Villager (Male) |
| 24:53 | Create | Villager (Male) |
| 24:54 | Create | Villager (Male) |
| 24:54 | Create | Villager (Male) |
| 24:54 | Create | Villager (Male) |
| 24:59 | Research | Pikeman (upgrade) |
| 25:02 | Research | Squires |
| 25:19 | Build | Dock |
| 25:20 | Build | Dock |
| 25:22 | Build | Dock |
| 25:24 | Build | Dock |
| 25:26 | Build | Dock |
| 25:28 | Build | Dock |
| 25:29 | Create | Villager (Male) |
| 25:29 | Create | Villager (Male) |
| 25:30 | Create | Villager (Male) |
| 25:44 | Create | Chu Ko Nu |
| 25:47 | Create | Chu Ko Nu |
| 25:47 | Create | Villager (Male) |
| 25:48 | Create | Villager (Male) |
| 25:48 | Create | Villager (Male) |
| 25:54 | Build | Farm |
Build order — Herr Morrojder
133 actions detected in the replay
| 0:02 | Create | Villager (Male) |
| 0:02 | Create | Villager (Male) |
| 0:02 | Create | Villager (Male) |
| 0:02 | Create | Villager (Male) |
| 0:04 | Build | House |
| 0:09 | Build | House |
| 1:25 | Create | Villager (Male) |
| 1:53 | Build | Lumber Camp |
| 2:18 | Create | Villager (Male) |
| 2:18 | Create | Villager (Male) |
| 2:19 | Create | Villager (Male) |
| 3:00 | Create | Villager (Male) |
| 3:31 | Create | Villager (Male) |
| 4:00 | Create | Villager (Male) |
| 4:25 | Create | Villager (Male) |
| 4:25 | Create | Villager (Male) |
| 4:57 | Create | Villager (Male) |
| 5:11 | Create | Villager (Male) |
| 5:16 | Build | Dock |
| 5:19 | Build | House |
| 5:36 | Create | Villager (Male) |
| 5:47 | Create | Villager (Male) |
| 5:59 | Create | Villager (Male) |
| 6:08 | Create | Fishing Ship |
| 6:14 | Create | Villager (Male) |
| 6:24 | Build | House |
| 6:37 | Create | Fishing Ship |
| 7:37 | Create | Villager (Male) |
| 7:37 | Create | Villager (Male) |
| 7:38 | Create | Villager (Male) |
| 7:38 | Create | Villager (Male) |
| 7:57 | Create | Fishing Ship |
| 8:15 | Build | Mill |
| 8:20 | Create | Villager (Male) |
| 8:33 | Build | Mining Camp |
| 8:45 | Create | Fishing Ship |
| 9:01 | Build | House |
| 9:34 | Research | Feudal Age |
| 9:39 | Create | Fishing Ship |
| 9:56 | Build | Barracks |
| 10:02 | Build | Barracks |
| 10:11 | Build | Farm |
| 10:26 | Build | Farm |
| 10:28 | Create | Villager (Male) |
| 10:59 | Create | Transport Ship |
| 11:45 | Build | Mining Camp |
| 11:52 | Create | Villager (Male) |
| 12:03 | Age | Feudal Age |
| 12:09 | Create | Villager (Male) |
| 12:18 | Research | Double-Bit Axe |
| 12:22 | Research | Stone Mining |
| 12:30 | Research | Gold Mining |
| 12:32 | Create | Villager (Male) |
| 12:43 | Create | Unit 2626 |
| 12:54 | Create | Militia |
| 12:54 | Create | Militia |
| 12:56 | Create | Militia |
| 13:19 | Create | Villager (Male) |
| 13:27 | Build | Outpost |
| 13:30 | Create | Villager (Male) |
| 13:40 | Build | House |
| 13:53 | Build | Market |
| 14:30 | Build | Outpost |
| 14:36 | Build | Outpost |
| 14:48 | Build | Outpost |
| 14:53 | Build | Outpost |
| 15:00 | Build | Outpost |
| 15:02 | Build | Outpost |
| 15:05 | Build | Outpost |
| 15:07 | Build | Outpost |
| 15:09 | Build | Outpost |
| 15:18 | Create | Villager (Male) |
| 15:20 | Create | Villager (Male) |
| 15:24 | Create | Unit 2626 |
| 15:25 | Create | Fire Galley |
| 15:27 | Create | Fire Galley |
| 15:31 | Build | House |
| 15:37 | Build | House |
| 15:39 | Build | House |
| 16:09 | Build | Watch Tower |
| 16:12 | Create | Villager (Male) |
| 16:33 | Build | Blacksmith |
| 16:49 | Research | Castle Age |
| 17:04 | Build | Lumber Camp |
| 17:07 | Create | Villager (Male) |
| 17:37 | Research | Town Watch |
| 17:56 | Create | Spearman |
| 17:57 | Create | Spearman |
| 17:58 | Create | Spearman |
| 18:07 | Build | Stable |
| 18:19 | Research | Man-at-Arms (upgrade) |
| 18:51 | Build | Watch Tower |
| 18:54 | Create | Villager (Male) |
| 19:13 | Create | Villager (Male) |
| 19:29 | Age | Castle Age |
| 19:35 | Build | Archery Range |
| 19:38 | Build | Stable |
| 19:54 | Build | Siege Workshop |
| 20:12 | Create | Villager (Male) |
| 20:31 | Build | Castle |
| 20:34 | Create | Spearman |
| 20:35 | Create | Militia |
| 20:44 | Build | Stable |
| 20:46 | Build | Barracks |
| 20:50 | Research | Horse Collar |
| 20:52 | Build | Farm |
| 21:06 | Create | Battering Ram |
| 21:06 | Create | Battering Ram |
| 21:10 | Create | Archer |
| 21:10 | Create | Archer |
| 21:23 | Build | Mining Camp |
| 21:38 | Create | Militia |
| 21:38 | Create | Militia |
| 22:26 | Create | Villager (Male) |
| 22:30 | Research | Wheelbarrow |
| 23:17 | Build | Siege Workshop |
| 23:42 | Create | Villager (Male) |
| 24:07 | Create | Battering Ram |
| 24:13 | Build | Farm |
| 24:14 | Build | Farm |
| 24:23 | Research | Gold Shaft Mining |
| 24:25 | Create | Villager (Male) |
| 24:38 | Build | Town Center |
| 24:50 | Create | Battering Ram |
| 25:11 | Create | Villager (Male) |
| 25:40 | Build | Town Center |
| 25:46 | Create | Villager (Male) |
| 25:47 | Create | Villager (Male) |
| 25:48 | Create | Villager (Male) |
| 26:00 | Create | Battering Ram |
| 26:34 | Create | Battering Ram |
| 26:40 | Create | Militia |
| 26:41 | Create | Spearman |
Match timeline
| 1:07 | Stackastuva AB · first_building Dock |
| 5:16 | Herr Morrojder · first_building Dock |
| 6:07 | Bienjamming · first_building Dock |
| 9:25 | gonzalochelva · first_building Dock |
| 9:56 | Herr Morrojder · first_building Barracks |
| 11:09 | Stackastuva AB · age_up feudal |
| 12:03 | Herr Morrojder · age_up feudal |
| 12:09 | gonzalochelva · age_up feudal |
| 12:33 | Bienjamming · first_building Barracks |
| 13:36 | Bienjamming · age_up feudal |
| 15:00 | gonzalochelva · first_building Barracks |
| 15:59 | gonzalochelva · age_up castle |
| 17:26 | Stackastuva AB · age_up castle |
| 18:07 | Herr Morrojder · first_building Stable |
| 19:21 | Bienjamming · first_building Archery Range |
| 19:29 | Herr Morrojder · age_up castle |
| 19:35 | Herr Morrojder · first_building Archery Range |
| 19:54 | Herr Morrojder · first_building Siege Workshop |
| 20:25 | Herr Morrojder · first_market_buy 100 stone |
| 20:31 | Herr Morrojder · first_building Castle |
| 22:08 | Stackastuva AB · first_building Stable |
| 22:31 | Stackastuva AB · first_market_buy 100 food |
| 22:37 | gonzalochelva · first_market_buy 100 stone |
| 22:46 | gonzalochelva · first_building Castle |
| 23:04 | Bienjamming · age_up castle |
| 24:41 | gonzalochelva · first_building Archery Range |
| 26:19 | Bienjamming · first_building Siege Workshop |
| 26:59 | Herr Morrojder · resign |
[ AI ANALYSIS · 1 CREDIT ]
What really happened in this match?
Wolo.gg analyzes every decision: build order, eco, micro, common mistakes by bracket. Personalized analysis on WhatsApp or Discord in 30 seconds.
Civ guide
Khmer
Map guide
Northern Isles
Perfil
Jugador #5160799